 Dungeon Crawl Stone Soup version 0.26-a0-30-g56b8cd3df0 (webtiles) character file.

Game seed: 8532826375326582679, levelgen mode: deterministic

1732 vurker the Thaumaturge (level 8, -5/48 HPs)
             Began as a Deep Elf Conjurer on May 30, 2020.
             Was a Believer of Vehumet.
             Shot with a sling bullet by Joseph (13 damage)
             ... on level 7 of the Dungeon.
             The game lasted 00:13:45 (8390 turns).

vurker the Thaumaturge (Deep Elf Conjurer)          Turns: 8390, Time: 00:13:45

Health: -5/48      AC:  6    Str:  5    XL:     8   Next: 76%
Magic:  17/23      EV: 17    Int: 23    God:    Vehumet [**....]
Gold:   1201       SH:  0    Dex: 15    Spells: 19/26 levels left

rFire    . . .     SeeInvis .   t - +3 dagger (elec)
rCold    . . .     Gourm    .   (no shield)
rNeg     . . .     Faith    .   a - +0 robe
rPois    .         Spirit   .   c - +0 helmet
rElec    .         Reflect  .   y - +0 cloak
rCorr    .         Harm     .   p - +1 pair of gloves
MR       +....                  (no boots)
Stlth    ++........             (no amulet)
HPRegen  0.16/turn              m - +4 ring of evasion
MPRegen  0.18/turn              D - ring of protection from magic

@: no status effects
A: no striking features
a: Renounce Religion


You were on level 7 of the Dungeon.
You worshipped Vehumet.
Vehumet was pleased with you.
You were very hungry.

You visited 2 branches of the dungeon, and saw 8 of its levels.
You also visited: Sewer.

You collected 1489 gold pieces.
You spent 288 gold pieces at shops.

Inventory:

Hand Weapons
 s - the +3 short sword of Plague {venom, rElec Dex+2}
   (You found it on level 5 of the Dungeon)

   It poisons the flesh of those it strikes.
   It affects your dexterity (+2).
   It insulates you from electricity.
 t - a +3 dagger of electrocution (weapon)
   (You took it off a goblin on level 3 of the Dungeon)
Armour
 a - a +0 robe (worn)
 c - a +0 helmet (worn)
   (You took it off Robin on level 3 of the Dungeon)
 p - a +1 pair of gloves (worn)
   (You found it on level 2 of the Dungeon)
 y - a +0 cloak (worn)
   (You took it off Crazy Yiuf on level 7 of the Dungeon)
Magical Staves
 w - an uncursed staff of fire
   (You found it on level 5 of the Dungeon)
Jewellery
 m - a +4 ring of evasion (left hand)
   (You found it on level 1 of the Dungeon)
 o - an uncursed ring of fire
   (You found it on level 2 of the Dungeon)
 r - the ring of Miptulet {rC+ Stlth-}
   (You found it on level 4 of the Dungeon)

   [ring of attention]

   It protects you from cold.
   It makes you less stealthy.
 D - a ring of protection from magic (right hand)
   (You bought it in a shop on level 6 of the Dungeon)
Wands
 b - a wand of enslavement (7)
   (You found it on level 5 of the Dungeon)
 d - a wand of polymorph (7)
   (You found it on level 5 of the Dungeon)
Scrolls
 i - 7 scrolls of teleportation
 j - a scroll of amnesia
 n - a scroll of fog {unknown}
 q - 2 scrolls of remove curse
Potions
 f - 2 potions of resistance
 g - 2 potions of lignification {unknown}
 h - 4 potions of heal wounds
 l - 5 potions of curing
 u - 6 potions of might
 v - a potion of stabbing {unknown}
 x - a potion of flight {unknown}
 z - 2 potions of brilliance {unknown}
 A - a potion of cancellation {unknown}
 C - a potion of magic {unknown}
Comestibles
 e - 15 rations


   Skills:
 + Level 3.9 Fighting
 - Level 2.4 Dodging
 - Level 2.4 Stealth
 * Level 9.7 Spellcasting
 * Level 9.0 Conjurations


You had 19 spell levels left.
You knew the following spells:

 Your Spells              Type           Power        Failure   Level  Hunger
a - Magic Dart            Conj           ####         1%          1    None
b - Searing Ray           Conj           ######       1%          2    None
c - Iskenderun's Mystic   Conj/Tloc      ####....     9%          4    ##.....

Your spell library contained the following spells:

 Spells                   Type           Power        Failure   Level  Hunger
 Frozen Ramparts          Ice            ##....       17%         3    None
 Dazzling Flash           Conj/Hex       ####..       2%          3    None
 Summon Small Mammal      Summ           ##..         6%          1    None
 Call Imp                 Summ           ##......     9%          2    None
 Fulminant Prism          Conj/Hex       ####......   9%          4    ##.....
 Call Canine Familiar     Summ           ##......     17%         3    None
 Confusing Touch          Hex            ##......     17%         3    None
 Gell's Gravitas          Tloc           ##........   17%         3    None
 Summon Guardian Golem    Hex/Summ       ##......     17%         3    None
 Petrify                  Tmut/Erth      ##......     50%         4    ##.....
 Summon Ice Beast         Ice/Summ       ##......     50%         4    ##.....
 Summon Lightning Spire   Summ/Air       ##......     50%         4    ##.....
 Metabolic Englaciation   Hex/Ice        ##........   85%         5    ####...
 Yara's Violent Unravell  Hex/Tmut       ##........   85%         5    ####...


Dungeon Overview and Level Annotations

Branches:
Dungeon (7/15)             Temple (1/1) D:4           Sewer (visited)

Altars:
Ashenzari
Dithmenos
Kikubaaqudgha
Makhleb
Qazlal
Sif Muna
Trog
Vehumet

Shops:
D:5 !   D:6 *

Annotations:
D:3 1 runed translucent door, MisterFreud's ghost, amateur OpGl
D:7 Joseph


Message History

You feel your power returning.
A - a sedimented puce potion
There is an open translucent door here.
Things that are here:
a +4 quarterstaff of chaos; a +0 cloak Unknown command.
There isn't anything to butcher here.
Okay, then.
Okay, then.
y - a +0 cloak You start removing your armour.
You continue taking off your scarf of repulsion. x4
You finish taking off your scarf of repulsion.
The haze of the repulsion field disappears.
You start putting on your armour.
You continue putting on your +0 cloak. x5
You finish putting on your +0 cloak.
Drop what? 29/52 slots (_ for help) (? for menu, Esc to quit)
You drop a scarf of repulsion.
There is an open translucent door here.
Things that are here:
a scarf of repulsion; a +4 quarterstaff of chaos You open the door.
There is an open door here.
You open the door.
There is an open door here.
You open the door.
There is an open door here.
Joseph, a Mercenary comes into view.
He is wielding a +0 quarterstaff.
Joseph shouts!
Joseph unwields a +0 quarterstaff.
Joseph wields a +0 hunting sling.
Joseph shoots a sling bullet.
The sling bullet hits you!
You see here a sling bullet.
Aim: Joseph, wielding a +0 hunting sling, wearing a cursed +0 ring mail and quivering 10 sling bullets The searing ray hits Joseph! (Press . to maintain the ray.)
The searing ray hits Joseph!
Joseph says, "It's nothing personal, but I have to kill you."
Joseph shoots a sling bullet.
The sling bullet closely misses you.
The searing ray hits Joseph!
A hippogriff comes into view.
Joseph shoots a sling bullet.
The sling bullet hits you!
* * * LOW HITPOINT WARNING * * *
Aim: Joseph, wielding a +0 hunting sling, wearing a cursed +0 ring mail and quivering 8 sling bullets (heavily wounded)
The searing ray hits Joseph! (Press . to maintain the ray.) Joseph shoots a sling bullet.
The sling bullet hits you!
* * * LOW HITPOINT WARNING * * *
The searing ray hits Joseph.
Joseph shoots a sling bullet.
The sling bullet hits you!
You die...

#... #... ##### #..H
##.... #..@ #.....
#... ######.... #...
#######...##....
#...##....##.........
#...@.....'..........
#.........#....##....
#.........#....##....
#...(.....#.....#....
#...##....##....#....
#... #....##...##....
#### #....##...##....
.....#..........
+..........


You could see Joseph and a hippogriff.

Vanquished Creatures
  5 ogres
  A sky beast (D:5)
  A centaur (D:6)
  2 big kobolds (Sewer)
  A bullfrog (D:6)
  4 scorpions
  A howler monkey (D:4)
  2 crimson imps
  A centaur zombie (D:6)
  Crazy Yiuf (D:7)
  2 orc wizards
  4 worker ants
  A hound skeleton (D:4)
  Robin (D:3)
  2 worker ant zombies
  12 adders
  A howler monkey skeleton (D:6)
  6 river rats (Sewer)
  An ooze (Sewer)
  An adder zombie (D:5)
  2 adder skeletons
  5 worms
  3 dart slugs
  7 leopard geckos
  20 orcs
  10 bats
  4 bat skeletons (D:3)
  2 bat zombies (D:3)
  3 giant cockroaches
  17 goblins
  6 hobgoblins
  18 jackals
  4 quokkas
  4 ball pythons
  5 frilled lizards
  A giant cockroach zombie (D:5)
  A jackal zombie (D:5)
  21 kobolds
  20 rats
203 creatures vanquished.

Vanquished Creatures (others)
  A giant cockroach (D:1)
  A hobgoblin (D:1)
  A kobold (D:1)
3 creatures vanquished.

Grand Total: 206 creatures vanquished

Notes
Turn   | Place    | Note
-------+----------+-------------------------------------------
     0 | D:1      | vurker the Deep Elf Conjurer began the quest for the Orb.
     0 | D:1      | Reached XP level 1. HP: 10/10 MP: 6/6
   243 | D:1      | Reached XP level 2. HP: 16/16 MP: 2/8
   910 | D:1      | Reached XP level 3. HP: 20/20 MP: 8/10
  1628 | D:2      | Reached skill level 5 in Conjurations
  1851 | D:2      | Reached skill level 1 in Fighting
  1917 | D:2      | Reached XP level 4. HP: 25/25 MP: 3/12
  2326 | D:2      | Found a shimmering blue altar of Sif Muna.
  2632 | D:3      | Noticed Robin
  2850 | D:3      | Killed Robin
  2993 | D:3      | Found a runed translucent door.
  2993 | D:3      | Noticed a bullfrog
  2996 | D:3      | Noticed MisterFreud's ghost (amateur OpGl)
  3036 | D:3      | Reached XP level 5. HP: 29/29 MP: 7/14
  3112 | D:3      | Reached skill level 5 in Spellcasting
  3196 | D:3      | Learned a level 2 spell: Searing Ray
  3201 | D:3      | Learned a level 4 spell: Iskenderun's Mystic Blast
  3720 | D:3      | Found an ancient bone altar of Kikubaaqudgha.
  4157 | D:4      | Found a staircase to the Ecumenical Temple.
  4185 | Temple   | Entered the Ecumenical Temple
  4198 | Temple   | Became a worshipper of Vehumet
  4245 | D:4      | Reached XP level 6. HP: 35/35 MP: 10/16
  4420 | D:4      | Found a bloodstained altar of Trog.
  4625 | D:4      | Reached * piety under Vehumet
  4625 | D:4      | Offered knowledge of Sandblast by Vehumet.
  4633 | D:4      | Reached XP level 7. HP: 37/40 MP: 10/19
  4783 | D:4      | Got a faintly glowing lead ring
  4785 | D:4      | Identified the ring of Miptulet {rC+ Stlth-} (You found it
                  | on level 4 of the Dungeon)
  5069 | D:5      | Entered Level 5 of the Dungeon
  5116 | D:5      | Got a shimmering short sword
  5117 | D:5      | Identified the cursed +3 short sword of Plague {venom,
                  | rElec Dex+2} (You found it on level 5 of the Dungeon)
  5217 | D:5      | Found a glowing drain.
  5233 | Sewer    | Entered a sewer
  5753 | Sewer    | Reached ** piety under Vehumet
  5757 | Sewer    | Offered knowledge of Foxfire by Vehumet.
  6523 | D:5      | Found Ilydys's Distillery.
  6601 | D:5      | Reached XP level 8. HP: 46/46 MP: 19/22
  6885 | D:5      | Found a shattered altar of Ashenzari.
  7311 | D:6      | Got a jasper-encrusted chain mail
  7632 | D:6      | Offered knowledge of Frozen Ramparts by Vehumet.
  7836 | D:6      | Got a transparent long sword
  7838 | D:6      | Identified the +6 long sword "Mutturry" {freeze, rC+ rN+
                  | Int-5 Dex+4} (You found it on level 6 of the Dungeon)
  7924 | D:6      | Found Gehein's Assorted Antiques.
  7927 | D:6      | Bought a scroll of identify for 46 gold pieces
  7927 | D:6      | Bought a silvery potion for 20 gold pieces
  7927 | D:6      | Bought a cyan potion for 20 gold pieces
  7927 | D:6      | Bought a scroll of identify for 46 gold pieces
  7927 | D:6      | Bought a scratched steel ring for 115 gold pieces
  7927 | D:6      | Bought 2 sedimented inky potions for 41 gold pieces
  7932 | D:6      | Identified a scroll of acquirement
  8319 | D:7      | Found a runed translucent door.
  8320 | D:7      | Noticed Crazy Yiuf
  8326 | D:7      | Killed Crazy Yiuf
  8385 | D:7      | Noticed Joseph
  8388 | D:7      | Noticed a hippogriff
  8390 | D:7      | Shot with a sling bullet by Joseph

Illustrated notes

Levels and vault maps discovered:
D:1:      roderic_crop_circles_arrival_small, layout_loops_corners,
          lemuel_flame_loot_1
D:2:      layout_basic, led_sif_pool
D:3:      layout_loops_ring, kennysheep_vampire_church, ebering_ghost_sewer_d,
          minmay_circle_x, uniq_robin
D:4:      layout_cave_pools, bloody_trog, minmay_temple_entry_hall, first_ration
D:5:      layout_loops_cross, ashenzari_conservatory_becter,
          portal_sewer_entry_d, serial_shops, nicolae_shop_behind_doors
D:6:      layout_basic, serial_shops, nicolae_shop_trees
D:7:      layout_gridville, okawaru_trees_2, nemelex_xobeh_ov_fountains_minmay,
          uniq_duvessa, uniq_joseph, uniq_menkaure, uniq_crazy_yiuf_cottage
Temple:   regret_index_temple_sphere_string

Skill      XL: |  1  2  3  4  5  6  7  8 |
---------------+-------------------------+-----
Spellcasting   | 4 5 6 8 9 |  9.7
Conjurations   | 5 6 7 9 |  9.0
Fighting       | 1 2 3 |  3.9
Dodging        | |  2.4
Stealth        | |  2.4

Action                   |  1- 3 |  4- 6 |  7- 9 || total
-------------------------+-------+-------+-------++-------
Melee: Unarmed           |     1 |       |       ||     1
       Dagger            |       |    35 |     2 ||    37
       Short sword       |       |       |     4 ||     4
 Cast: Magic Dart        |    80 |   161 |   143 ||   384
       Searing Ray       |       |     5 |    33 ||    38
  Use: Scroll            |       |     8 |     7 ||    15
  Eat: Chunk             |     3 |     8 |    10 ||    21
Armor: Robe              |     1 |    12 |     1 ||    14
Dodge: Dodged            |    11 |    61 |    43 ||   115
       Repelled          |       |       |     6 ||     6

Table legend:
 A = Non-vault XP
 B = Vault XP
 C = Vault XP percentage of total XP
 D = Non-vault monster count
 E = Vault monster count
 F = Vault count percentage of total count
                 A         B        C        D         E       F
            +---------+---------+-------+---------+---------+-------
      Total |    1995 |     480 |  19.4 |     128 |      75 |  36.9
            +---------+---------+-------+---------+---------+-------
        D:1 |      42 |       0 |   0.0 |      23 |       0 |   0.0
        D:2 |      86 |       0 |   0.0 |      23 |       0 |   0.0
        D:3 |     114 |      71 |  38.4 |      25 |      25 |  50.0
        D:4 |     423 |       0 |   0.0 |      24 |       0 |   0.0
        D:5 |     616 |      14 |   2.2 |      18 |       1 |   5.3
        D:6 |     714 |       0 |   0.0 |      15 |       0 |   0.0
        D:7 |       0 |      41 | 100.0 |       0 |       1 | 100.0
      Sewer |       0 |     354 | 100.0 |       0 |      48 | 100.0
            +---------+---------+-------+---------+---------+-------
